Map: Acid Plant LE

Players

Cyan

  • Race: Protoss Protoss
  • Spawn Location: 11:00

uThermal - Winner!

  • Race: Terran Terran
  • Spawn Location: 5:00

Event: WCS Leipzig 2018

VOD

Have the link to the VOD?

Description

Time

  • Played on: Jan. 26, 2018, 12:26 p.m.
  • Length: 13:24

All games in this series

Show
View Real Time Build Order
Export as new Build Order

Cyan Protoss 

Build Orders: 1 Gate Expand, Oracle Opening 

Get SALT Encoding   

  12  0:01  Probe  
  13  0:13  Probe  
  14  0:18  Pylon  
  14  0:25  Probe (Chrono Boost)  
  15  0:37  Probe (Chrono Boost), Gateway  
  16  0:45  Probe (Chrono Boost)  
  16  0:46  Assimilator  
  17  0:51  Probe  
  18  1:03  Probe  
  19  1:15  Probe  
  20  1:23  Nexus  
  20  1:33  Cybernetics Core  
  20  1:37  Probe  
  21  1:44  Assimilator  
  21  1:49  Probe  
  22  1:54  Pylon  
  23  2:01  Probe  
  23  2:10  Adept (Chrono Boost)  
  23  2:13  Probe  
  26  2:16  Stargate  
  26  2:25  Probe  
  26  2:26  Warp Gate  
  27  2:30  Adept  
  27  2:36  Probe (Chrono Boost)  
  30  2:37  Probe (Chrono Boost)  
  31  2:48  Probe (Chrono Boost)  
  31  2:49  Probe (Chrono Boost)  
  33  2:54  Probe x2 (Chrono Boost)  
  35  3:00  Oracle (Chrono Boost)  
  35  3:02  Probe  
  35  3:04  Probe  
  40  3:11  Pylon  
  40  3:14  Probe  
  40  3:16  Probe, Adept  
  44  3:26  Probe  
  45  3:28  Probe  
  45  3:30  Oracle (Chrono Boost)  
  49  3:37  Gateway  
  49  3:38  Probe  
  49  3:39  Gateway  
  48  3:42  Probe  
  49  3:50  Pylon  
  49  3:51  Probe  
  49  3:54  Probe  
  51  4:12  Probe  
  51  4:13  Nexus  
  51  4:15  Pylon  
  52  4:18  Probe  
  53  4:24  Probe  
  53  4:25  Assimilator  
  53  4:28  Assimilator  
  53  4:30  Probe  
  55  4:31  Pylon  
  55  4:34  Stalker  
  55  4:36  Probe  
  55  4:37  Stalker x2  
  62  4:43  Probe  
  63  4:47  Twilight Council  
  63  4:48  Probe  
  63  4:49  Forge  
  64  4:55  Probe  
  64  4:58  Stalker  
  65  5:00  Probe  
  66  5:07  Probe  
  66  5:09  Resonating Glaives (Chrono Boost)  
  66  5:11  Pylon  
  66  5:13  Probe  
  68  5:19  Probe, Gateway x2  
  68  5:20  Protoss Ground Weapons Level 1 (Chrono Boost)  
  68  5:21  Gateway  
  69  5:25  Probe  
  70  5:30  Probe  
  70  5:31  Probe  
  70  5:34  Sentry x2  
  76  5:37  Probe  
  76  5:38  Gateway  
  76  5:40  Gateway  
  77  5:42  Probe  
  77  5:44  Probe  
  77  5:48  Pylon  
  77  5:49  Probe  
  80  5:55  Probe  
  81  5:57  Pylon  
  81  5:59  Probe  
  81  6:04  Adept x2, Sentry  
  84  6:08  Robotics Facility  
  84  6:10  Probe  
  84  6:11  Pylon  
  87  6:20  Gateway  
  87  6:27  Adept x6  
  96  6:33  Blink  
  96  6:37  Adept x2  
  97  6:42  Shield Battery  
  97  6:47  Adept x4  
  97  6:48  Adept  
  97  6:50  Protoss Ground Armor Level 1 (Chrono Boost)  
  97  6:51  Adept  
  109  6:55  Pylon  
  109  6:57  Pylon x2  
  109  6:58  Observer  
  110  7:06  Adept  
  106  7:17  Warp Prism (Chrono Boost)  
  106  7:18  Adept x7  
  106  7:19  Adept  
  112  7:37  Adept  
  112  7:42  Adept  
  112  7:43  Adept x3  
  112  7:44  Adept x3  
  100  8:01  Adept x2  
  94  8:05  Warp Prism (Chrono Boost)  
  94  8:06  Adept x7  
  84  8:13  Adept x5  
  84  8:14  Adept x2  
  84  8:19  Assimilator  
  95  8:25  Assimilator  
  91  8:27  Robotics Bay  
  91  8:34  Shield Battery, Immortal  
  91  8:38  Shield Battery, Adept x7  
  109  8:48  Protoss Ground Weapons Level 2 (Chrono Boost)  
  101  8:57  Shield Battery  
  101  8:58  Adept x8  
  107  9:12  Adept  
  107  9:14  Colossus (Chrono Boost)  
  109  9:21  Adept x3  
  120  9:25  Pylon  
  120  9:27  Adept  
  120  9:30  Pylon  
  122  9:38  Stalker x3  
  126  9:39  Stalker  
  126  9:42  Extended Thermal Lance (Chrono Boost)  
  130  9:53  Adept x2  
  130  9:58  Colossus (Chrono Boost)  
  126  10:25  Stalker x4  
  126  10:27  Adept  
  136  10:28  Probe  
  137  10:39  Pylon  
  137  10:41  Observer  
  132  10:57  Pylon  
  132  10:59  Pylon  
  132  11:01  Adept x2, Pylon  
  129  11:05  Adept x4  
  95  11:21  Adept x4  
  86  11:35  Stalker  
  86  11:36  Stalker x3  
  86  11:43  Stalker x4  
  86  11:46  Probe (Chrono Boost)  
  75  11:47  Probe (Chrono Boost)  
  75  11:48  Probe (Chrono Boost)  
  75  11:52  Templar Archives  
  74  11:59  Probe x2 (Chrono Boost)  
  74  12:00  Observer, Probe (Chrono Boost)  
  78  12:03  Sentry x2  
  78  12:06  Sentry  
  84  12:08  Sentry  
  84  12:09  Probe (Chrono Boost)  
  84  12:15  Sentry  
  89  12:21  Adept x2  
  93  12:33  Stalker x2  
  95  12:40  Stalker  
  93  12:47  Stalker  
  93  12:50  Adept  
  93  12:51  Adept  
  99  12:52  Probe x2  
  99  12:55  Probe  
  102  13:01  Adept  
  104  13:12  Adept x3  
Show
View Real Time Build Order
Export as new Build Order

uThermal Terran - Winner!

Build Orders: Reaper Expand, MMM Bio 

Get SALT Encoding   

  12  0:01  SCV  
  13  0:13  SCV  
  14  0:17  Supply Depot  
  14  0:25  SCV  
  15  0:38  SCV  
  15  0:39  Barracks  
  16  0:43  Refinery  
  16  0:50  SCV  
  17  1:02  SCV  
  18  1:14  SCV  
  19  1:27  Orbital Command, Reaper  
  20  1:43  Command Center  
  20  1:54  SCV  
  21  1:57  Supply Depot  
  21  2:00  Barracks Reactor  
  21  2:06  SCV  
  22  2:18  SCV  
  23  2:25  Command Center  
  23  2:30  SCV  
  23  2:36  Barracks, Marine  
  25  2:40  Marine  
  26  2:54  Marine  
  27  2:59  Marine  
  27  3:00  SCV  
  27  3:03  Orbital Command  
  29  3:09  Engineering Bay  
  30  3:12  SCV  
  30  3:13  Marine  
  30  3:17  Marine  
  32  3:24  SCV, Barracks Tech Lab  
  33  3:29  SCV  
  33  3:31  Marine  
  35  3:35  Marine  
  35  3:37  SCV  
  35  3:38  Missile Turret  
  35  3:39  Orbital Command  
  37  3:43  Stimpack  
  37  3:45  SCV  
  37  3:47  Marine  
  39  3:49  SCV  
  39  3:51  Marine  
  39  3:53  Terran Infantry Weapons Level 1  
  39  3:54  Marine  
  42  3:58  SCV  
  42  4:01  SCV  
  44  4:05  Marine  
  44  4:06  SCV  
  44  4:09  Marine  
  45  4:12  Marine  
  45  4:13  SCV  
  45  4:15  Barracks  
  45  4:17  SCV  
  48  4:18  Factory  
  48  4:22  Refinery x2  
  48  4:23  Marine  
  49  4:24  SCV  
  49  4:25  SCV  
  49  4:29  SCV  
  51  4:32  Bunker  
  51  4:33  Supply Depot, Marine  
  51  4:37  SCV x2  
  54  4:42  Marine  
  54  4:43  SCV, Marine  
  57  4:49  SCV  
  57  4:50  SCV  
  57  4:51  Marine  
  57  4:58  SCV  
  55  5:00  Marine  
  55  5:03  Marine  
  55  5:04  Factory Reactor  
  55  5:05  SCV  
  55  5:06  SCV, Starport  
  58  5:10  Refinery  
  58  5:11  Marine  
  58  5:12  SCV  
  60  5:15  Barracks Tech Lab, Barracks  
  60  5:17  SCV  
  60  5:19  SCV, Barracks  
  62  5:23  Missile Turret  
  62  5:24  SCV  
  62  5:29  SCV  
  62  5:34  Combat Shields  
  62  5:35  SCV, Marauder  
  66  5:38  Marine, Marauder  
  66  5:41  Supply Depot x2  
  69  5:46  Supply Depot  
  69  5:47  Terran Infantry Armor Level 1  
  69  5:48  Concussive Shells, Orbital Command  
  69  5:52  Factory Reactor  
  69  6:02  SCV x2, Medivac, Marine x2  
  69  6:03  Marauder  
  77  6:08  Barracks Reactor  
  77  6:15  SCV x3  
  77  6:17  Medivac  
  85  6:18  Marauder  
  85  6:20  Barracks Reactor  
  83  6:27  SCV x3  
  83  6:29  Marine  
  83  6:30  Marauder  
  83  6:32  Medivac  
  91  6:37  Supply Depot  
  91  6:38  Supply Depot  
  91  6:39  SCV x2  
  93  6:43  Refinery  
  93  6:45  Supply Depot  
  93  6:46  Supply Depot  
  93  6:51  SCV, Widow Mine x2, Marine x2  
  93  6:53  Marine  
  101  6:59  Supply Depot, Medivac, Marine x3, Marauder  
  108  7:03  Supply Depot, Marine  
  108  7:09  Marine x2  
  108  7:15  Marine  
  108  7:17  Marauder  
  108  7:18  SCV  
  108  7:20  Marauder  
  108  7:22  SCV, Marine  
  110  7:24  Widow Mine x2  
  110  7:28  Marine  
  115  7:32  SCV  
  114  7:38  SCV, Marauder  
  114  7:41  Medivac  
  114  7:42  Marauder  
  114  7:43  Marine x2  
  119  7:45  SCV, Widow Mine  
  119  7:49  SCV  
  119  7:50  Medivac  
  121  7:55  SCV  
  114  8:00  Marauder, Marine  
  114  8:02  Widow Mine  
  114  8:03  Marauder  
  114  8:04  SCV  
  118  8:05  Marine  
  118  8:06  Marine  
  118  8:07  Widow Mine  
  118  8:11  Medivac, Marine  
  118  8:12  Marine  
  114  8:18  SCV x2  
  114  8:19  Marine  
  117  8:20  Medivac  
  117  8:21  Marauder  
  117  8:24  Widow Mine  
  117  8:25  Marauder  
  117  8:26  Marine x2  
  125  8:28  Marine  
  125  8:29  Marine  
  125  8:30  Widow Mine  
  128  8:36  Marine  
  128  8:40  Barracks  
  128  8:41  Medivac  
  131  8:42  Barracks, Marauder  
  131  8:43  Barracks, Ghost Academy  
  131  8:45  Widow Mine  
  131  8:46  Marauder  
  137  8:50  SCV x2, Medivac  
  137  8:51  SCV  
  130  9:02  SCV x2  
  126  9:03  SCV  
  126  9:04  Marine x2  
  129  9:11  Medivac  
  129  9:14  SCV x2, Ghost  
  129  9:15  SCV, Ghost  
  129  9:17  Nuke  
  138  9:20  Medivac  
  140  9:26  SCV  
  140  9:28  Barracks Tech Lab  
  140  9:29  Supply Depot, Barracks Tech Lab  
  141  9:32  Marine x2  
  141  9:38  Widow Mine x2  
  147  9:41  Barracks Reactor  
  147  9:42  Supply Depot, Marine  
  147  9:43  Marine  
  147  9:44  Supply Depot  
  149  9:51  Marauder x2  
  151  9:53  Marine  
  151  9:54  Marauder  
  151  9:55  Marine  
  151  9:56  Marauder  
  151  9:58  Marine  
  154  10:01  SCV  
  154  10:04  SCV x2  
  153  10:12  Marauder x2  
  153  10:13  SCV  
  156  10:16  SCV x2  
  158  10:23  Marine  
  158  10:24  Marauder  
  158  10:25  SCV  
  158  10:27  Marine, Marauder  
  165  10:29  Supply Depot  
  165  10:30  SCV, Marine  
  165  10:33  Supply Depot  
  165  10:34  Marauder  
  172  10:38  Supply Depot  
  172  10:39  Nuke  
  172  10:40  Marine  
  173  10:48  Viking  
  172  10:51  Viking  
  172  10:53  Supply Depot, Marine x2, Marauder x2  
  171  11:07  Marine  
  171  11:08  Marauder  
  167  11:12  Marine  
  167  11:13  Marine x2, Marauder  
  167  11:15  Marauder x2  
  167  11:18  Viking, Marine x2  
  158  11:19  Marine  
  158  11:21  Viking  
  140  11:34  Marine x2  
  140  11:35  Marauder  
  140  11:39  Marine  
  139  11:40  Marauder, Marine  
  133  11:48  Viking  
  133  11:49  Nuke, Ghost x2  
  133  11:51  Viking  
  139  12:00  Starport  
  139  12:07  Marine x2  
  139  12:08  Marauder x2  
  145  12:09  Marine x2  
  145  12:14  Marine x2  
  149  12:19  Marauder x2  
  153  12:24  Viking x2  
  155  12:32  Marine x2  
  155  12:33  Marauder x2  
  155  12:34  Marine  
  157  12:38  Marine  
  157  12:40  Marauder  
  157  12:43  Viking  
  160  12:50  Marine x2  
  160  12:51  Marauder  
  164  12:54  Viking, Marauder  
  168  12:59  Marine, Marauder  
Tags
 
Add a new tag
Caveats
  • Supply blocks, unpowered buildings, or Contaminate may cause inaccurate times.
  • Supply counts are checked every 10 seconds.